 Dungeon Crawl Stone Soup version 0.19-a0-1886-gd64a0f0 (webtiles) character file.

102770 xeno23 the Black Sun (level 16, -21/136 (139) HPs)
             Began as a Ghoul Necromancer on Oct 15, 2016.
             Was a High Priest of Kikubaaqudgha.
             Killed from afar by Nikola (30 damage)
             ... with a chain lightning
             ... on level 2 of the Elven Halls.
             The game lasted 03:45:30 (26144 turns).

xeno23 the Black Sun (Ghoul Necromancer)           Turns: 26144, Time: 03:45:31

HP:   -21/136 (139) AC: 20    Str: 15 (16) XL:     16   Next: 34%
MP:   20/26         EV: 13    Int: 10      God:    Kikubaaqudgha [*****.]
Gold: 1084          SH: 19    Dex: 17 (18) Spells: 8 memorised, 0 levels left

rFire  . . .     SeeInvis .     e - +2 demon trident (drain)
rCold  + . .     Gourm    .     i - +3 scale mail "Qedwuofu" {Regen+}
rNeg   + + +     Faith    .     F - +7 shield of the Untouchables {*Corrode Regen+ Dex+6 Stlth+}
rPois  ∞         Spirit   .     I - +1 helmet
rElec  .         Dismiss  .     j - +0 cloak of the Louse {+Blink +Inv}
rCorr  .         Reflect  .     M - +0 pair of gloves
MR     +....     Harm     .     (no boots)
Stlth  ++........               s - amulet of magic regeneration
                                K - ring of wizardry
                                B - +4 ring of protection

@: rotting, studying Staves
A: rotting body, claws 1, carnivore 3, cold resistance 1, negative energy
resistance 3, slow regeneration 1, torment resistance, unbreathing
a: Receive Corpses, Torment, Renounce Religion, Evoke Blink, Evoke Invisibility


You were on level 2 of the Elven Halls.
You worshipped Kikubaaqudgha.
Kikubaaqudgha was extremely pleased with you.
You were near starving.

You visited 5 branches of the dungeon, and saw 21 of its levels.
You visited the Abyss 1 time.
You visited 1 bazaar.
You also visited: Labyrinth and Volcano.

You collected 2591 gold pieces.
You spent 1507 gold pieces at shops.

Inventory:

Hand Weapons
 d - a +3 dagger of pain
 e - a +2 demon trident of draining (weapon)
 h - a +2 demon whip of venom
Armour
 i - the +3 scale mail "Qedwuofu" (worn) {Regen+}
   (You bought it in a shop in a bazaar)

   It increases your rate of regeneration.
 j - the +0 cloak of the Louse (worn) {+Blink +Inv}
   (You acquired it on level 6 of the Lair of Beasts)

   It lets you turn invisible.
   It lets you blink.
 C - a +2 scale mail of magic resistance
 F - the +7 shield of the Untouchables (worn) {*Corrode Regen+ Dex+6 Stlth+}
   (You took it off Donald on level 2 of the Orcish Mines)

   It affects your dexterity (+6).
   It increases your rate of regeneration.
   It may corrode you when you take damage.
   It makes you more stealthy.
 I - a +1 helmet (worn)
 M - a +0 pair of gloves (worn)
Jewellery
 r - an uncursed ring of protection from cold
 s - an amulet of magic regeneration (around neck)
 B - a +4 ring of protection (left hand)
 K - a ring of wizardry (right hand)
 O - an uncursed ring of protection from fire
 U - an uncursed amulet of regeneration
Wands
 m - a wand of teleportation (0/9)
 p - a wand of acid (8/15)
 x - a wand of digging (7/24)
 z - a wand of disintegration (7/24)
 J - a wand of paralysis (16/24)
Scrolls
 a - a scroll of brand weapon {unknown}
 b - 2 scrolls of identify
 l - a scroll of remove curse
 n - 5 scrolls of amnesia
 o - 4 scrolls of enchant armour
 q - a scroll of vulnerability {unknown}
 v - a scroll of fear
 A - a scroll of blinking
 D - a scroll of recharging
 E - 3 scrolls of fog
 L - 4 scrolls of enchant weapon
 X - a scroll of immolation
Potions
 f - 9 potions of curing
 w - a potion of heal wounds
 G - 6 potions of might
 H - 3 potions of agility
 Q - a potion of invisibility
 T - 6 potions of brilliance
 W - 2 potions of cancellation
 Z - a potion of ambrosia
Books
 k - a manual of Staves
 R - Kikubaaqudgha's Disquisition on Dark Magic
   (Kikubaaqudgha gifted it to you on level 9 of the Dungeon)

   Spells                             Type                      Level
   a - Animate Dead                   Necromancy                   4
   b - Bolt of Draining               Conjuration/Necromancy       5
   c - Agony                          Necromancy                   5
   d - Dispel Undead                  Necromancy                   5
   e - Death Channel                  Necromancy                   6
Miscellaneous
 P - a fan of gales
Comestibles
 c - 11 meat rations
 g - 25 beef jerkies
 t - 4 slices of pizza
 u - 8 royal jellies


   Skills:
 - Level 11.7 Fighting
 - Level 10.3 Short Blades
 - Level 7.4 Armour
 - Level 7.9 Dodging
 - Level 2.1 Stealth
 + Level 10.3 Shields
 - Level 7.4 Spellcasting
 - Level 5.0 Charms
 - Level 15.0 Necromancy
 + Level 4.4 Evocations


You couldn't memorise any spells.
You knew the following spells:

 Your Spells              Type           Power        Failure   Level  Hunger
a - Animate Dead          Necr           N/A          1%          4    ####...
c - Animate Skeleton      Necr           N/A          1%          1    None
d - Corpse Rot            Necr           N/A          1%          2    ##.....
e - Regeneration          Chrm/Necr      ###.......   3%          3    ###....
f - Dispel Undead         Necr           ####....     4%          5    ######.
q - Death Channel         Necr           ####......   16%         6    #######
s - Vampiric Draining     Necr           ####......   1%          3    ###....
w - Agony                 Necr           ####....     4%          5    ######.


Dungeon Overview and Level Annotations

Branches:
Dungeon (10/15)            Temple (1/1) D:7            Lair (6/6) D:9
  Swamp (0/4) Lair:2       Spider (0/4) Lair:3        Slime (0/5) Lair:5
    Orc (2/2) D:9             Elf (2/3) Orc:2

Altars:
Ashenzari
Cheibriados
Dithmenos
Elyvilon
Fedhas
Gozag
Hepliaklqana
Kikubaaqudgha
Makhleb
Nemelex Xobeh
Okawaru
Qazlal
Ru
Sif Muna
Trog
Uskayaw
Vehumet
Xom
Yredelemnul
Zin
The Shining One
Beogh
Jiyva

Shops:
Orc:2 (*:[

Annotations:
D:4 Theye's ghost, amateur HuFi
Elf:2 Nikola


Innate Abilities, Weirdness & Mutations

Your body is rotting away.
You thrive on raw meat.
You are immune to poison.
You have sharp fingernails.
You are carnivorous and can eat meat at any time.
Your flesh is cold resistant. (rC+)
You are immune to negative energy. (rN+++)
You regenerate slowly when monsters are visible.
You are immune to unholy pain and torment.
You can survive without breathing.


Message History

Nikola is severely wounded.
Nikola is engulfed in dark miasma.
Nikola looks even sicker.
Nikola seems to slow down.
Nikola misses you.
You completely miss Nikola.
Nikola is severely wounded.
Nikola is engulfed in dark miasma.
Nikola hits you with a rapier of electrocution!
You are electrocuted!
* * * LOW HITPOINT WARNING * * *
You take 27 damage.
You barely miss Nikola.
Nikola is almost dead.
Nikola is engulfed in dark miasma.
Nikola looks as sick as possible!
Nikola casts a spell.
You hear a mighty clap of thunder!
The lightning arc hits you!
* * * LOW HITPOINT WARNING * * *
The lightning arc hits Nikola.
The lightning arc hits you!
You die...
Kikubaaqudgha rasps: "You have failed me!
Welcome... oblivion!"

....#.#.# #.......#
........# #..#.#..#
((((#.#.# #...)...#
..).##..# #.......#
...####.# #..#.#@.# ...#
#.####..@..## #.##
##.#####.#######
#.######..## #§###.>.##
....#......###.@@.....##
.....##...#.####§......#
..............)......<.#
.....###########.......#
[....# #.......# .....#
##.....## .....# ##...##
.....# ##### .....#


You could see Nikola.

Vanquished Creatures
  Rupert (Orc:2)
  A deep elf sorcerer (Elf:2)
  An orc warlord (Orc:2)
  Nessos (Lair:4)
  Josephine (Orc:2)
  A minotaur (Lab)
  A fire dragon (Lair:6)
  Erolcha (D:10)
  8 hydras
  2 catoblepae
  A centaur warrior (D:10)
  8 dancing weapons
  3 death yaks (Lair:4)
  An orc high priest (Orc:2)
  11 deep elf knights (Elf:1)
  A fire crab (Volcano)
  7 deep elf archers
  2 lindwurms
  3 hill giants (D:10)
  3 orc knights (Orc:2)
  2 ugly things (D:10)
  2 orc sorcerers (Orc:2)
  27 deep elf magi
  6 elephants
  2 black mambas
  7 spiny frogs
  4 torpor snails (Lair:6)
  8 komodo dragons
  2 rime drakes
  A tengu conjurer (D:10)
  5 jumping spiders (Lair:3)
  11 polar bears
  5 trolls
  2 raiju (Lair:6)
  4 tyrant leeches (Lair:6)
  5 hornets (Lair:6)
  36 blink frogs
  14 hippogriffs
  31 yaks
  A redback (Lair:3)
  A wyvern (Lair:6)
  4 wraiths
  2 basilisks (Lair:2)
  2 steam dragons (Volcano)
  Eustachio (D:5)
  8 fire bats (Volcano)
  2 fire elementals
  5 wargs
  Edmund (D:5)
  13 water moccasins
  8 porcupines
  4 hell hounds (Lair:6)
  23 orc warriors
  2 phantoms (D:9)
  2 sky beasts
  11 black bears
  A necrophage (D:4)
  20 wolves
  8 centaurs
  5 ogres
  12 crocodiles
  A big kobold (D:10)
  8 bullfrogs
  Blork the orc (D:5)
  2 earth elementals (Elf:1)
  3 wyvern skeletons
  8 scorpions
  A small abomination (Abyss:2)
  9 jellies
  5 wights
  3 howler monkeys
  4 lava snakes (Lab)
  8 crimson imps
  2 centaur zombies
  2 quasits
  13 hounds
  A centaur skeleton (D:5)
  17 orc priests
  20 orc wizards
  2 bullfrog skeletons
  4 iguanas
  8 worker ants
  A killer bee zombie (D:7)
  2 hound skeletons
  Robin (D:2)
  4 gnolls (D:5)
  13 adders
  6 oozes
  A worm (D:3)
  4 leopard geckos
  76 orcs
  2 bats
  3 giant cockroaches
  13 goblins
  7 hobgoblins
  8 jackals
  8 quokkas
  5 ball pythons
  5 frilled lizards
  14 kobolds
  A quokka zombie (D:8)
  6 rats
  8 pillars of salt (Elf:1)
  A plant (Lair:3)
679 creatures vanquished.

Vanquished Creatures (collateral kills)
  Donald (Orc:2)
  A deep elf high priest (Elf:1)
  A deep elf knight (Elf:1)
  A deep elf archer (Elf:1)
  An oklob plant (Lair:4)
  4 deep elf magi (Elf:1)
  A torpor snail (Lair:6)
  2 elephants
  A black mamba (Lair:1)
  5 spiny frogs
  2 komodo dragons (Lair:1)
  A rime drake (Lair:6)
  2 polar bears (Lair:6)
  3 hornets (Lair:6)
  5 blink frogs
  3 raiju (Lair:6)
  A wyvern (D:10)
  An air elemental (Elf:1)
  A fire elemental (Elf:1)
  3 yaks
  A steam dragon (Lair:4)
  A warg (Lair:6)
  A hell hound (Lair:6)
  A water moccasin (Lair:4)
  2 porcupines
  3 black bears (Lair:6)
  A necrophage (D:9)
  A wolf (Lair:6)
  A crocodile (Lair:2)
  A scorpion (D:10)
  A howler monkey (D:10)
  A crimson imp (D:10)
  3 orc wizards
  A centaur skeleton (D:9)
  6 hounds
  6 orcs
  A quokka zombie (D:9)
  A fungus (Lair:5)
  A plant (Lair:6)
74 creatures vanquished.

Vanquished Creatures (others)
  A deep elf sorcerer (Elf:2)
  A hell hog (Volcano)
  2 deep elf magi (Elf:1)
  17 fungi
  32 plants (Lair:6)
53 creatures vanquished.

Grand Total: 806 creatures vanquished

Notes
Turn   | Place    | Note
-------+----------+-------------------------------------------
     0 | D:1      | xeno23 the Ghoul Necromancer began the quest for the Orb.
     0 | D:1      | Reached XP level 1. HP: 14/14 MP: 2/2
   155 | D:1      | Reached XP level 2. HP: 16/22 MP: 3/3
   549 | D:2      | Found a faded altar of an unknown god.
   617 | D:2      | Reached skill level 1 in Fighting
   617 | D:2      | Reached XP level 3. HP: 25/28 MP: 3/5
   709 | D:2      | Found a white marble altar of Elyvilon.
   939 | D:2      | Noticed Robin
  1126 | D:2      | Learned a level 3 spell: Vampiric Draining
  1128 | D:2      | Learned a level 1 spell: Animate Skeleton
  1187 | D:2      | Killed Robin
  1187 | D:2      | Reached XP level 4. HP: 32/36 MP: 2/6
  1211 | D:2      | Reached skill level 5 in Necromancy
  1501 | D:3      | Reached skill level 1 in Short Blades
  1608 | D:3      | Reached XP level 5. HP: 41/41 MP: 7/7
  2083 | D:3      | Reached XP level 6. HP: 38/50 MP: 7/9
  2432 | D:4      | Noticed a necrophage
  2442 | D:4      | Killed a necrophage
  2473 | D:4      | Found a shadowy altar of Dithmenos.
  2581 | D:4      | Noticed Theye's ghost (amateur HuFi)
  2601 | D:4      | Learned a level 3 spell: Regeneration
  2743 | D:5      | Entered Level 5 of the Dungeon
  2998 | D:4      | Reached skill level 6 in Necromancy
  2998 | D:4      | Reached XP level 7. HP: 51/57 MP: 10/10
  3302 | D:5      | Reached skill level 1 in Charms
  3421 | D:5      | Noticed Edmund
  3437 | D:5      | Killed Edmund
  3608 | D:5      | Reached XP level 8. HP: 19/63 MP: 9/11
  3763 | D:5      | Noticed Eustachio
  4075 | D:5      | Reached skill level 7 in Necromancy
  4482 | D:5      | Noticed Blork the orc
  4496 | D:5      | Killed Blork the orc
  4581 | D:4      | Found an opulent altar of Gozag.
  4887 | D:5      | Killed Eustachio
  4887 | D:5      | Reached skill level 5 in Short Blades
  4887 | D:5      | Reached XP level 9. HP: 64/71 MP: 12/12
  5405 | D:6      | Found a shimmering altar of Xom.
  5703 | D:6      | Reached skill level 5 in Fighting
  5881 | D:7      | Reached skill level 8 in Necromancy
  5967 | D:7      | Found a staircase to the Ecumenical Temple.
  5978 | Temple   | Entered the Ecumenical Temple
  6201 | Temple   | Became a worshipper of Kikubaaqudgha
  6339 | D:7      | Found an opulent altar of Gozag.
  6678 | D:7      | Reached skill level 5 in Charms
  6691 | D:7      | Found a stormy altar of Qazlal.
  6765 | D:7      | Got an ichor-stained mace
  6766 | D:7      | Identified the +5 mace of Yrurymere {flame, rF+} (You found it on level 7 of the Dungeon)
  6870 | D:7      | Found a bloodstained altar of Trog.
  6870 | D:7      | Found a shattered altar of Ashenzari.
  7208 | D:8      | Reached * piety under Kikubaaqudgha
  7208 | D:8      | Identified Kikubaaqudgha's Compendium of Black Rituals (Kikubaaqudgha gifted it to you on level 8 of the Dungeon)
  7208 | D:8      | Received a gift from Kikubaaqudgha
  7219 | D:8      | Learned a level 2 spell: Corpse Rot
  7395 | D:8      | Reached skill level 1 in Shields
  7547 | D:8      | Reached XP level 10. HP: 81/83 MP: 13/13
  8095 | D:9      | Reached skill level 9 in Necromancy
  8389 | D:9      | Reached ** piety under Kikubaaqudgha
  8644 | D:9      | Found a staircase to the Lair.
  8717 | D:9      | Reached *** piety under Kikubaaqudgha
  8717 | D:9      | Identified Kikubaaqudgha's Disquisition on Dark Magic (Kikubaaqudgha gifted it to you on level 9 of the Dungeon)
  8717 | D:9      | Received a gift from Kikubaaqudgha
  8750 | D:9      | Found a staircase to the Orcish Mines.
  8968 | D:9      | Got a fine whip
  8969 | D:9      | Identified the +7 whip "Nol Cehyuze" {drain, *Drain rC+ MR+} (You found it on level 9 of the Dungeon)
  9075 | D:10     | Entered Level 10 of the Dungeon
  9095 | D:10     | Learned a level 5 spell: Agony
  9152 | D:10     | Noticed Erolcha
  9180 | D:10     | Killed Erolcha
  9180 | D:10     | Reached skill level 10 in Necromancy
  9460 | D:10     | Reached XP level 11. HP: 80/92 MP: 14/14
  9851 | D:10     | Reached **** piety under Kikubaaqudgha
  9887 | D:10     | Noticed a centaur warrior
  9903 | D:10     | Killed a centaur warrior
  9921 | D:10     | Reached skill level 1 in Armour
  9968 | D:10     | Noticed a hill giant
  9971 | D:10     | Noticed a red ugly thing
  9974 | D:10     | Noticed a white ugly thing
  9987 | D:10     | Killed a hill giant
 10008 | D:10     | Killed a green ugly thing
 10016 | D:10     | Killed a cyan ugly thing
 10052 | D:10     | Got a brightly glowing scale mail
 10060 | D:10     | Noticed a hill giant
 10087 | D:10     | Killed a hill giant
 10318 | D:10     | Noticed a hill giant
 10335 | D:10     | Killed a hill giant
 10335 | D:10     | Reached skill level 11 in Necromancy
 10453 | Lair:1   | Entered Level 1 of the Lair of Beasts
 10510 | D:9      | Identified the cursed +0 scale mail of Leaves {Slay+2} (You found it on level 10 of the Dungeon)
 10864 | Lair:1   | Reached XP level 12. HP: 90/101 MP: 16/16
 11417 | Lair:1   | Noticed an eight-headed hydra
 11430 | Lair:1   | Killed an eight-headed hydra
 11979 | Lair:2   | Found a staircase to the Swamp.
 11980 | Lair:2   | Noticed a seven-headed hydra
 12416 | Lair:2   | Killed a seven-headed hydra
 12801 | Lair:3   | Reached skill level 12 in Necromancy
 13098 | Lair:3   | Noticed an eight-headed hydra
 13109 | Lair:3   | Killed an eight-headed hydra
 13109 | Lair:3   | Reached skill level 10 in Short Blades
 13159 | Lair:3   | Found a hole to the Spider Nest.
 14046 | Lair:4   | Reached XP level 13. HP: 80/111 MP: 18/18
 14169 | Lair:4   | Reached ***** piety under Kikubaaqudgha
 14492 | Lair:4   | Reached skill level 5 in Dodging
 14601 | Lair:4   | Reached skill level 5 in Spellcasting
 15062 | Lair:4   | Noticed Nessos
 15080 | Lair:4   | Killed Nessos
 15200 | Lair:5   | Reached skill level 13 in Necromancy
 15303 | Lair:5   | Found a viscous altar of Jiyva.
 15304 | Lair:5   | Found a staircase to the Slime Pits.
 15415 | Lair:5   | Found a labyrinth entrance.
 15431 | Lab      | Entered a labyrinth
 16248 | Lab      | Noticed a minotaur
 16272 | Lab      | Killed a minotaur
 16293 | Lab      | Identified the Catalogue of the Snowflakes
 16335 | Lab      | Identified a +6 rod of shadows (6/9) (You took it off a minotaur in a labyrinth)
 16488 | Lair:4   | Reached skill level 5 in Armour
 16744 | Lair:5   | Reached skill level 10 in Fighting
 17862 | Lair:6   | Entered Level 6 of the Lair of Beasts
 18038 | Lair:5   | Reached XP level 14. HP: 52/121 MP: 4/21
 18384 | Lair:6   | Found a runed door.
 18933 | Lair:6   | Reached skill level 14 in Necromancy
 19792 | Lair:6   | Reached ****** piety under Kikubaaqudgha
 19818 | Lair:6   | Identified the Volume of Mutagenic Toxins
 20321 | Lair:6   | Identified a scroll of acquirement
 20322 | Lair:6   | Got a jewelled cloak
 20328 | Lair:6   | Identified the +0 cloak of the Louse {+Blink +Inv} (You acquired it on level 6 of the Lair of Beasts)
 20559 | Lair:1   | Learned a level 6 spell: Death Channel
 20564 | Lair:1   | Learned a level 4 spell: Animate Dead
 20631 | Orc:1    | Entered Level 1 of the Orcish Mines
 20725 | Orc:1    | Reached XP level 15. HP: 128/130 MP: 24/24
 20984 | Orc:2    | Entered Level 2 of the Orcish Mines
 20991 | Orc:2    | Noticed Josephine
 21155 | Orc:2    | Killed Josephine
 21221 | Orc:2    | Found a dark tunnel.
 21230 | Volcano  | Entered a volcano
 21628 | Orc:2    | Noticed Rupert
 21649 | Orc:2    | Paralysed by Rupert for 7 turns
 21653 | Orc:2    | Killed Rupert
 21680 | Orc:2    | HP: 5/130 [orc wizard/magic dart (5)]
 21800 | Orc:1    | Found a roughly hewn altar of Beogh.
 21888 | Orc:2    | Reached skill level 15 in Necromancy
 22017 | Orc:2    | Noticed Donald
 22032 | Orc:2    | Killed Donald
 22040 | Orc:2    | Got a brightly glowing shield
 22054 | Orc:2    | Identified the +7 shield of the Untouchables {*Corrode Regen+ Dex+6 Stlth+} (You took it off Donald on level 2 of the Orcish Mines)
 22065 | Orc:2    | Found a staircase to the Elven Halls.
 22197 | Orc:2    | Noticed an orc warlord
 22327 | Orc:2    | Killed an orc warlord
 22327 | Orc:2    | Reached skill level 5 in Shields
 22400 | Orc:2    | Found a roughly hewn altar of Beogh.
 22433 | Orc:2    | Found Cituwadgh's Antique Armour Emporium.
 22476 | Orc:2    | Found Jaugoru's Book Emporium.
 22596 | Orc:2    | Found Dumor's General Store.
 22658 | Orc:2    | Found Podin's Antique Weapon Emporium.
 22665 | Orc:2    | Bought a runed demon whip for 672 gold pieces
 22954 | Elf:1    | Entered Level 1 of the Elven Halls
 23050 | Elf:1    | Found a radiant altar of Vehumet.
 24042 | Elf:1    | You fall through a shaft!
 24060 | Elf:2    | Found a flickering gateway to a bazaar.
 24061 | Elf:2    | Noticed a deep elf sorcerer
 24067 | Bazaar   | Entered a bazaar
 24071 | Bazaar   | Found Nugerof's Jewellery Boutique.
 24094 | Bazaar   | Found Pulocso's Antique Armour Emporium.
 24110 | Bazaar   | Bought a pair of distressingly furry boots for 171 gold pieces
 24116 | Bazaar   | Identified the +2 pair of boots of the Invisible Hand {-Cast rF++} (You bought it in a shop in a bazaar)
 24134 | Bazaar   | Found Huthrieg's Book Boutique.
 24151 | Bazaar   | Found Sepetuum's Assorted Antiques.
 24156 | Bazaar   | Bought a potion of agility for 60 gold pieces
 24156 | Bazaar   | Bought a scroll of identify for 30 gold pieces
 24156 | Bazaar   | Bought a scroll of identify for 30 gold pieces
 24156 | Bazaar   | Bought a potion of agility for 60 gold pieces
 24156 | Bazaar   | Bought a scroll of fog for 30 gold pieces
 24164 | Bazaar   | Bought a potion of agility for 60 gold pieces
 24164 | Bazaar   | Bought a runed helmet for 157 gold pieces
 24164 | Bazaar   | Bought a ruby ring for 75 gold pieces
 24213 | Bazaar   | Bought a spiked scale mail for 162 gold pieces
 24224 | Bazaar   | Identified the +3 scale mail "Qedwuofu" {Regen+} (You bought it in a shop in a bazaar)
 24316 | Elf:2    | Killed a deep elf sorcerer
 24319 | Elf:2    | Reached skill level 1 in Evocations
 24319 | Elf:2    | Reached XP level 16. HP: 136/136 MP: 23/26
 24967 | Elf:1    | Reached skill level 10 in Shields
 25256 | Elf:2    | Cast into level 2 of the Abyss (a deep elf sorcerer)
 25363 | Abyss:2  | Learned a level 5 spell: Dispel Undead
 25405 | Abyss:2  | Found a corrupted altar of Lugonu.
 25425 | Elf:2    | Escaped the Abyss
 25675 | Elf:2    | Found a runed gate.
 25675 | Elf:2    | Found a runed gate.
 25675 | Elf:2    | Found a runed gate.
 25889 | Elf:2    | Noticed Nikola
 26144 | Elf:2    | Killed from afar by Nikola

Vault maps used:
D:1:      saegor_arrival_simple_c
D:2:      elyvilon_altar_5, ecumenical_altar_1, minmay_shallow_snake_nest,
          uniq_robin
D:3:      first_bread
D:4:      lemuel_upstairs_altar, nicolae_dithmenos_the_darkroom, serial_glass,
          glass_columns_c, glass_columns_a, glass_columns_c, glass_columns_c,
          glass_columns_a, glass_columns_b, glass_columns_a, glass_columns_b,
          glass_columns_b, glass_columns_c, glass_columns_a, glass_columns_a,
          glass_columns_b, glass_columns_a, minmay_misc_feat_doors,
          minmay_cupped
D:5:      minmay_opposing_rooms, uniq_blork_the_orc, uniq_edmund, uniq_eustachio
D:6:      nicolae_overflow_hidden_temple, grunt_decor_cap,
          corexii_hall_statues_l, supply_closet_lemuel
D:7:      grunt_gozag_statues, chequers_temple_overflow_statue_of_worship,
          basic_altar
D:9:      lair_0_dummy, hiddenorc1_lemuel, minivault_11,
          hangedman_little_slice_of_home
D:10:     hangedman_cross_veins, uniq_erolcha
Temple:   regret_index_temple_generic_petals
Lair:2:   minmay_swamp_entry_reptiles, serial_bayou_shore_b
Lair:3:   nicolae_spider_entry_tight_spaces
Lair:4:   grunt_megastairs_3, uniq_nessos
Lair:5:   slime_altar_1, lab_entry_generic,
          portal_ice_cave_entry_animals_and_master
Lair:6:   wormcave, hangedman_lair_caniforms_friends, grunt_megastairs_4,
          lemuel_fruit_tree
Orc:1:    basic_altar
Orc:2:    grunt_orc_cross, lightli_volcano_entry_magma_tube, uniq_donald,
          uniq_rupert, uniq_josephine
Elf:1:    eino_elf_arrival_altar, portal_desolation_entry_garden,
          kennysheep_underground_church, amethyst_killhole
Elf:2:    serial_shops, bzr_entry_customers, uniq_asterion, uniq_nikola
Lab:      labyrinth_spiral, labyrinth_lava_lair
Bazaar:   bazaar_jpeg_circle_common
Volcano:  volcano_pools

Skill      XL: |  1  2  3  4  5  6  7  8  9 10 11 12 13 14 15 16 |
---------------+-------------------------------------------------+-----
Fighting       | 1 2 3 4 5 7 8 9 10 11 | 11.7
Spellcasting   | 2 3 4 5 7 |  7.4
Necromancy     | 5 6 7 8 10 11 12 13 14 15 | 15.0
Short Blades   | 1 2 3 5 6 7 9 10 | 10.3
Charms         | 2 4 5 |  5.0
Shields        | 1 4 9 10 | 10.3
Dodging        | 3 4 6 7 |  7.9
Armour         | 2 4 5 6 7 |  7.4
Evocations     | 1 4 |  4.4
Stealth        | |  2.1

Action                   |  1- 3 |  4- 6 |  7- 9 | 10-12 | 13-15 | 16-18 || total
-------------------------+-------+-------+-------+-------+-------+-------++-------
Melee: Whip              |    80 |    25 |    12 |   222 |       |       ||   339
       Unarmed           |     1 |       |       |       |       |       ||     1
       Dagger            |       |   126 |   546 |   630 |  1583 |   165 ||  3050
       Flail             |       |       |     8 |       |       |       ||     8
       Mace              |       |       |     5 |    28 |    51 |       ||    84
       War axe           |       |       |     2 |    34 |       |       ||    36
       Demon trident     |       |       |       |       |    36 |   131 ||   167
 Cast: Pain              |     7 |     1 |    28 |    12 |       |       ||    48
       Vampiric Draining |     1 |     1 |    11 |    24 |    58 |       ||    95
       Regeneration      |       |     2 |    17 |    35 |   100 |    24 ||   178
       Animate Skeleton  |       |     1 |     6 |    28 |    73 |     3 ||   111
       Corpse Rot        |       |       |     1 |    11 |    27 |     2 ||    41
       Agony             |       |       |       |    18 |    62 |       ||    80
       Animate Dead      |       |       |       |       |    13 |     1 ||    14
       Death Channel     |       |       |       |       |     6 |       ||     6
Invok: Receive Corpses   |       |       |       |     3 |     6 |     2 ||    11
       Torment           |       |       |       |       |     7 |     1 ||     8
 Abil: Evoke Invisibilit |       |       |       |       |     1 |    11 ||    12
       Evoke Blink       |       |       |       |       |       |     4 ||     4
Evoke: Wand              |       |       |     4 |     2 |    11 |     6 ||    23
       Fan of gales      |       |       |       |     1 |     1 |     1 ||     3
       Rod               |       |       |       |       |     1 |       ||     1
  Use: Scroll            |       |     2 |     3 |     9 |    23 |     4 ||    41
       Potion            |       |       |       |     2 |     8 |     2 ||    12
 Stab: Sleeping          |     2 |     7 |     6 |    10 |     4 |     2 ||    31
       Confused          |       |       |     2 |       |       |       ||     2
       Distracted        |       |       |       |       |     4 |     1 ||     5
       Petrified         |       |       |       |       |     2 |       ||     2
       Invisible         |       |       |       |       |     2 |    20 ||    22
  Eat: Chunk             |    11 |    17 |    29 |    48 |    91 |     8 ||   204
       Royal jelly       |       |       |       |       |     3 |     2 ||     5
       Pizza             |       |       |       |       |     1 |       ||     1
       Beef jerky        |       |       |       |       |       |     1 ||     1
Armor: Robe              |    11 |       |       |       |       |       ||    11
       Animal skin       |       |    32 |   198 |    12 |       |       ||   242
       Troll leather arm |       |       |       |   263 |   326 |       ||   589
       Ring mail         |       |       |       |     3 |       |       ||     3
       Scale mail        |       |       |       |       |       |    86 ||    86
Dodge: Dodged            |    53 |    92 |   324 |   382 |   698 |    84 ||  1633
Block: Buckler           |       |       |    17 |   241 |   309 |       ||   567
       Shield            |       |       |       |       |   281 |   251 ||   532
